 Dungeon Crawl Stone Soup version 0.31.0-9-g3a7656b989 (webtiles) character file.

Game seed: 14926350590283347691

142 Heoruswealwe the Conjurer (level 5, 0/28 HPs)
             Began as a Deep Elf Conjurer on Jan 26, 2024.
             Slain by an orc wizard
             ... wielding a +0 dagger
              (1 damage)
             ... on level 4 of the Dungeon.
             The game lasted 00:22:47 (2445 turns).

Heoruswealwe the Conjurer (Deep Elf Conjurer)       Turns: 2445, Time: 00:22:47

Health: 0/28       AC:  2    Str:  4    XL:     5   Next: 3%
Magic:  2/14       EV: 12    Int: 25    God:
Gold:   180        SH:  0    Dex: 13    Spells: 1/14 levels left

rFire   . . .        a - +0 long sword
rCold   . . .        (no shield)
rNeg    + . .        c - +0 robe
rPois   .            (no helmet)
rElec   .            (no cloak)
rCorr   .            (no gloves)
SInv    .            (no boots)
Will    .....        (no amulet)
Stlth   +            k - ring of positive energy
HPRegen 0.24/turn    (no ring)
MPRegen 0.14/turn

%: no passive effects
@: confused, mighty, hasted, very quick
A: no striking features
a: no special abilities


You were on level 4 of the Dungeon.
You visited 1 branch of the dungeon, and saw 4 of its levels.

You collected 180 gold pieces.

Inventory:

Hand Weapons
 a - a +0 long sword (weapon)
Armour
 c - a +0 robe (worn)
 e - a +0 robe
Magical Staves
 q - a staff of earth
Jewellery
 k - a ring of positive energy (left hand)
Talismans
 d - a blade talisman
Scrolls
 f - 2 scrolls of identify {unknown}
 j - a scroll of immolation {unknown}
 l - a scroll of blinking {unknown}
 o - a scroll of fog {unknown}
 p - 2 scrolls of teleportation {unknown}
 r - a scroll of vulnerability {unknown}
Potions
 b - a potion of magic
 h - a potion of invisibility {unknown}
 i - a potion of might
 m - a potion of haste
 n - a potion of degeneration {unknown}
 s - a potion of mutation {unknown}


   Skills:
 - Level 2.4 Dodging
 - Level 2.4 Stealth
 + Level 5.4 Spellcasting
 + Level 5.8 Conjurations


You had one spell level left.
You knew the following spells:

 Your Spells              Type           Power      Damage    Failure   Level
a - Magic Dart            Conj           100%       1d8       1%          1
b - Searing Ray           Conj           72%        2d7       1%          2
c - Momentum Strike       Conj/Tloc      42%        3d9       3%          2
d - Fulminant Prism       Conj/Alch      10%        3d8       24%         4
e - Iskenderun's Mystic   Conj/Tloc      21%        2d6       24%         4

Your spell library contained the following spells:

 Spells                   Type           Power      Damage    Failure   Level
 Blink                    Tloc           12%        N/A       12%         2
 Lesser Beckoning         Tloc           12%        N/A       12%         2


Dungeon Overview and Level Annotations

Branches:
Dungeon (4/15)
 Temple: D:4-7

Altars:
Cheibriados
Xom


Message History

The puff of flame hits you!
* * * LOW HITPOINT WARNING * * *
Casting: Magic Dart (safe; 1% risk of failure)
Confirm with . or Enter, or press ? or * to list all spells.
Aiming: Searing Ray (safe; 1% risk of failure)
Press: ? - help, Shift-Dir - straight line, f - orc wizard
Aim: an orc wizard, wielding a +0 dagger and wearing a +0 robe (severely wounded, 76% to hit)
The searing ray hits the orc wizard!
You kill the orc wizard! (Press . to maintain the ray.)
Something hits you.
* * * LOW HITPOINT WARNING * * *
You have reached level 5!
It was a potion of curing.
You feel better. Something hits you.
* * * LOW HITPOINT WARNING * * *
You feel better. Something hits you.
Items here: )) [[ †.
Something hits you.
You barely miss something. Something hits you but does no damage.
Something hits you.
* * * LOW HITPOINT WARNING * * *
You miss something. Something hits you.
* * * LOW HITPOINT WARNING * * *
Okay, then.
It was a potion of might.
You feel very mighty all of a sudden. Something barely misses you.
You barely miss something.
Something hits you but does no damage. x2
You miss something. Something hits you but does no damage.
You closely miss something. Something hits you.
* * * LOW HITPOINT WARNING * * *
You barely miss something.
You hear some strange, mumbled words.
You are confused.
Something hits you.
* * * LOW HITPOINT WARNING * * *
It was a potion of haste.
You feel yourself speed up. Something hits you.
You die...

.......................
....<...................
........................
........................
........................
........................
........................
........)........<......
.......@{...............
........................
...)........†...........
........................
........................
#.......................
#.......................
###..............


There were no monsters in sight!

Vanquished Creatures
  An orc priest (D:3)
  An orc wizard (D:4)
  4 adders
  A ribbon worm (D:3)
  3 orcs (D:3)
  A bat (D:1)
  2 endoplasms
  A giant cockroach (D:2)
  2 goblins
  6 hobgoblins
  5 kobolds
  5 quokkas
  4 ball pythons
  A frilled lizard (D:2)
  6 rats
43 creatures vanquished.

Vanquished Creatures (others)
  An orc (D:4)
1 creature vanquished.

Grand Total: 44 creatures vanquished

Notes
Turn   | Place    | Note
-------+----------+-------------------------------------------
     0 | D:1      | Heoruswealwe the Deep Elf Conjurer began the quest for the
                  | Orb.
     0 | D:1      | Reached XP level 1. HP: 10/10 MP: 6/6
   527 | D:2      | Reached XP level 2. HP: 15/15 MP: 1/8
   530 | D:2      | Learned a level 2 spell: Searing Ray
   588 | D:2      | Learned a level 2 spell: Momentum Strike
   717 | D:2      | Found a snail-covered altar of Cheibriados.
   879 | D:2      | Reached skill level 5 in Conjurations
   879 | D:2      | Reached XP level 3. HP: 19/19 MP: 6/10
   889 | D:2      | Found a faded altar of an unknown god.
  1154 | D:2      | Identified the +0 scale mail of Insecurity {Stlth+}
  1846 | D:3      | Reached XP level 4. HP: 7/24 MP: 8/12
  1848 | D:3      | Reached skill level 5 in Spellcasting
  1920 | D:2      | Learned a level 4 spell: Fulminant Prism
  1925 | D:2      | Learned a level 4 spell: Iskenderun's Mystic Blast
  2253 | D:3      | Found a shimmering altar of Xom.
  2431 | D:4      | HP: 1/24 [something (2)]
  2432 | D:4      | Reached XP level 5. HP: 2/28 MP: 0/14
  2444 | D:4      | HP: 1/28 [something (3)]
  2445 | D:4      | Slain by an orc wizard

Illustrated notes

Levels and vault maps discovered:
D:1:      wander_arrival_desolate, layout_loops_ring, minmay_liquid_box
D:2:      layout_loops_corners, basic_altar,
          shapermc_ecumenical_altar_mp_ritualfount
D:3:      layout_basic, mainiacjoe_overflow_small_starburst, grunt_ministairs_4
D:4:      layout_basic, kennysheep_vampire_church, okawaru_altar_gauntlet_db,
          minmay_temple_entry_slanted, kennysheep_generic_room_6

Skill      XL: |  1  2  3  4 |
---------------+-------------+-----
Spellcasting   | 4 5 |  5.4
Conjurations   | 5 |  5.8
Dodging        | |  2.4
Stealth        | |  2.4

Action                     |  1- 3 |  4- 6 || total
---------------------------+-------+-------++-------
  Melee: Long sword        |    19 |    11 ||    30
   Cast: Magic Dart        |    53 |    20 ||    73
         Searing Ray       |     1 |     2 ||     3
    Use: Potion            |       |     4 ||     4
 Armour: Robe              |     5 |    18 ||    23
  Dodge: Dodged            |     3 |     6 ||     9
